 Dungeon Crawl Stone Soup version 0.30.1-4-g462c640d31 (webtiles) character file.

Game seed: 1617362593537860631

2754 Wiggles the Cleaver (level 9, -3/120 HPs)
             Began as a Minotaur Berserker on Sept 12, 2023.
             Was an Elder of Trog.
             Succumbed to Erica's bolt of poison
             ... on level 8 of the Dungeon.
             The game lasted 00:12:11 (6998 turns).

Wiggles the Cleaver (Minotaur Berserker)            Turns: 6998, Time: 00:12:11

Health: -3/120     AC: 21    Str: 26    XL:     9   Next: 41%
Magic:  8/8        EV:  8    Int:  4    God:    Trog [****..]
Gold:   297        SH:  5    Dex: 10    Spells: 8/8 levels left

rFire   . . .        E - +0 executioner's axe (protect)
rCold   . . .        (shield currently unavailable)
rNeg    . . .        o - +0 plate armour
rPois   .            (helmet restricted)
rElec   .            g - scarf {shadows}
rCorr   .            (no gloves)
SInv    .            y - +0 pair of boots
Will    .....        a - amulet of reflection Stlth
                     (no ring)
HPRegen 0.40/turn    (no ring)
MPRegen 0.11/turn

%: reflection
@: berserking, lethally poisoned (-3 -> -23), under a protective aura, very
quick
A: horns 2, retaliatory headbutt
a: Renounce Religion, Berserk, Trog's Hand, Brothers in Arms


You were on level 8 of the Dungeon.
You worshipped Trog.
Trog was greatly pleased with you.
You visited 1 branch of the dungeon, and saw 8 of its levels.

You collected 427 gold pieces.
You spent 130 gold pieces at shops.

Inventory:

Hand Weapons
 p - a +2 broad axe of flaming
 E - a +0 executioner's axe of protection (weapon)
Armour
 g - a scarf of shadows (worn)
 o - a +0 plate armour (worn)
 y - a +0 pair of boots (worn)
Jewellery
 a - an amulet of reflection (around neck)
 m - a ring of ice
Wands
 j - a wand of flame (19)
 r - a wand of roots (6)
 B - a wand of charming (26)
 D - a wand of polymorph (5)
Scrolls
 b - a scroll of silence
 f - 2 scrolls of blinking
 k - a scroll of fear
 l - 6 scrolls of teleportation
 q - a scroll of summoning
 C - a scroll of magic mapping
Potions
 d - a potion of ambrosia
 h - 8 potions of curing
 i - a potion of attraction
 s - a potion of cancellation
 t - 4 potions of flight
 v - 6 potions of haste
 w - a potion of invisibility
 x - 4 potions of mutation
 z - a potion of resistance
 A - 2 potions of lignification
 F - a potion of might


   Skills:
 + Level 7.7 Fighting
 + Level 11.1 Axes
 + Level 7.3 Armour
 + Level 4.5 Dodging
 + Level 1.1 Stealth
 + Level 3.1 Shields


You had 8 spell levels left.
You didn't know any spells.
Your spell library was empty.

Dungeon Overview and Level Annotations

Branches:
Dungeon (8/15)             Temple (0/1) D:5
   Lair: D:8-11

Altars:
Cheibriados
Dithmenos
Fedhas
Gozag
Kikubaaqudgha
Makhleb
Ru
Sif Muna

Shops:
D:7 *

Annotations:
D:8 Erica


Innate Abilities, Weirdness & Mutations

You have a pair of horns on your head.
You reflexively headbutt those who attack you in melee.


Message History

You barely miss Erica. Your headbutt misses Erica.
Erica is moderately wounded.
You slash Erica!
Your weapon exudes an aura of protection.
Your headbutt misses Erica.
Erica is heavily wounded.
Erica casts a spell at you. The lance of force hits you.
You are knocked back by the lance of force.
Erica casts a spell at you. The bolt of poison hits you!
You are poisoned.
You are too injured to fight recklessly!
You are too injured to fight recklessly!
You feel very sick.
Erica points at you and mumbles some strange words.
The bolt of poison hits you.
You are more poisoned.
You feel extremely sick.
Erica zaps a wand.
You resist with some effort.
There is a stone staircase leading up here.
You feel very sick.
You feel very sick.
Erica points at you and mumbles some strange words.
The bolt of poison hits you!!
You are more poisoned.
* * * LOW HITPOINT WARNING * * *
A red film seems to cover your vision as you go berserk!
You feel yourself moving faster!
You feel mighty!
* * * LOW HITPOINT WARNING * * *
You feel very sick.
Erica hits you with a +2 scimitar of flaming!
* * * LOW HITPOINT WARNING * * *
Erica burns you.
* * * LOW HITPOINT WARNING * * *
You slash Erica!
Your weapon exudes an aura of protection.
You headbutt Erica!
Erica is almost dead.
You die...

.. ... #...
###..# #...#
...... #...#
...... #...##
......
#..@###......
##..@........
##..<.......
####....#..
###..# #.# .#
#


You could see Erica.

Vanquished Creatures
  Grinder (D:5)
  Prince Ribbit (D:7)
  2 wyverns
  Eustachio (D:6)
  Menkaure (D:5)
  A water moccasin (D:5)
  Duvessa (D:5)
  A black bear (D:6)
  An orc warrior (D:7)
  3 ogres
  3 phantoms (D:6)
  A kobold brigand (D:6)
  A scorpion (D:6)
  Dowan (D:5)
  3 orc priests
  5 hounds
  3 jellies
  3 iguanas
  3 orc wizards
  Natasha (thrice) (D:2)
  7 gnolls
  16 adders
  A white imp (D:6)
  2 worms (D:2)
  2 dart slugs
  13 orcs
  2 ball pythons (D:4)
  3 bats
  6 endoplasms
  5 giant cockroaches
  4 goblins
  6 hobgoblins
  11 kobolds
  A quokka (D:2)
  A frilled lizard (D:3)
  10 rats
129 creatures vanquished.

Notes
Turn   | Place    | Note
-------+----------+-------------------------------------------
     0 | D:1      | Wiggles the Minotaur Berserker began the quest for the Orb.
     0 | D:1      | Reached XP level 1. HP: 19/19 MP: 0/0
    91 | D:1      | Reached skill level 4 in Axes
    91 | D:1      | Reached XP level 2. HP: 27/27 MP: 1/1
   765 | D:2      | Reached XP level 3. HP: 32/33 MP: 2/2
   960 | D:2      | Noticed Natasha
   964 | D:2      | Killed Natasha
   965 | D:2      | Reached skill level 5 in Axes
   965 | D:2      | Reached XP level 4. HP: 31/41 MP: 3/3
  1079 | D:2      | Reached ** piety under Trog
  1285 | D:2      | Found a faded altar of an unknown god.
  1594 | D:2      | Noticed Natasha
  1602 | D:2      | Killed Natasha
  1603 | D:2      | Reached XP level 5. HP: 31/47 MP: 4/4
  1793 | D:2      | Noticed Natasha
  1801 | D:2      | Killed Natasha
  2244 | D:3      | Found a shimmering blue altar of Sif Muna.
  2688 | D:4      | Reached skill level 5 in Fighting
  2811 | D:4      | Found a snail-covered altar of Cheibriados.
  2966 | D:4      | Reached skill level 6 in Axes
  2966 | D:4      | Reached XP level 6. HP: 56/56 MP: 5/5
  3558 | D:5      | Entered Level 5 of the Dungeon
  3762 | D:5      | Noticed a wyvern
  3768 | D:5      | Killed a wyvern
  3769 | D:5      | Reached skill level 7 in Axes
  3769 | D:5      | Reached skill level 1 in Shields
  3769 | D:5      | Reached XP level 7. HP: 61/61 MP: 6/6
  3906 | D:5      | Noticed Dowan
  3907 | D:5      | Noticed Duvessa
  3910 | D:5      | Noticed Menkaure
  3916 | D:5      | Killed Duvessa
  3916 | D:5      | Killed Dowan
  3917 | D:5      | Reached skill level 5 in Armour
  3922 | D:5      | Killed Menkaure
  3953 | D:5      | Reached skill level 8 in Axes
  3953 | D:5      | Reached XP level 8. HP: 15/70 MP: 7/7
  4169 | D:5      | Reached *** piety under Trog
  4194 | D:5      | Found a staircase to the Ecumenical Temple.
  4319 | D:5      | Found a shadowy altar of Dithmenos.
  4414 | D:5      | Noticed Grinder
  4424 | D:5      | Paralysed by Grinder for 3 turns
  4431 | D:5      | Killed Grinder
  4798 | D:6      | Reached skill level 9 in Axes
  4995 | D:6      | Found an opulent altar of Gozag.
  5081 | D:6      | Noticed Eustachio
  5093 | D:6      | Reached skill level 1 in Stealth
  5111 | D:6      | Killed Eustachio
  5118 | D:6      | Reached skill level 10 in Axes
  5373 | D:6      | Reached XP level 9. HP: 79/79 MP: 8/8
  5604 | D:6      | Found a blossoming altar of Fedhas.
  5733 | D:6      | Found a burning altar of Makhleb.
  5897 | D:7      | Found an ancient bone altar of Kikubaaqudgha.
  6036 | D:7      | Found a sacrificial altar of Ru.
  6304 | D:7      | Reached **** piety under Trog
  6757 | D:7      | Found Kuitouchi's Mayhem Merchandise.
  6765 | D:7      | Bought a +0 executioner's axe for 130 gold pieces
  6796 | D:7      | Noticed Prince Ribbit
  6807 | D:7      | Killed Prince Ribbit
  6808 | D:7      | Reached skill level 11 in Axes
  6988 | D:8      | Noticed Erica
  6997 | D:8      | HP: 6/120 [Erica/+2 scimitar of flaming (13)]
  6997 | D:8      | HP: 1/120 [Erica/+2 scimitar of flaming (5)]
  6998 | D:8      | Succumbed to Erica's bolt of poison

Illustrated notes

Levels and vault maps discovered:
D:1:      minmay_arrival_diagonal_passages, layout_loops_ring,
          nrook_mini_backslash
D:2:      layout_loops_ring, hellmonk_ecumenical_altar_run_dry, serial_rivers,
          chequers_serial_rivers_micro_c, chequers_serial_rivers_micro_b,
          chequers_serial_rivers_micro_b, chequers_serial_rivers_small_3,
          chequers_serial_rivers_small_3, chequers_serial_rivers_small_b,
          minmay_close_crescents, uniq_natasha
D:3:      layout_loops_cross, mainiacjoe_overflow_alcove_2
D:4:      layout_gridville, cheibriados_altar_1
D:5:      layout_basic, mainiacjoe_overflow_catwalk, minmay_temple_entry_hall,
          minmay_misc_feat_secret_circle, uniq_grinder, uniq_menkaure,
          uniq_duvessa
D:6:      layout_loops_ring, grunt_gozag_statues, lightli_temple_of_fire,
          lemuel_coloured_pillars_altar, uniq_eustachio
D:7:      layout_basic, mainiacjoe_overflow_six_doors_small,
          overflow_temple_1_default, minmay_shop_mayhem, uniq_prince_ribbit1
D:8:      layout_layer_cave, uniq_grum, uniq_erica, uniq_pikel

Skill      XL: |  1  2  3  4  5  6  7  8  9 |
---------------+----------------------------+-----
Axes           | 4 5 6 7 8 10 11 | 11.1
Fighting       | 4 5 6 7 |  7.7
Armour         | 3 4 5 6 7 |  7.3
Dodging        | 3 4 |  4.5
Shields        | 1 2 3 |  3.1
Stealth        | 1 |  1.1

Action                     |  1- 3 |  4- 6 |  7- 9 || total
---------------------------+-------+-------+-------++-------
  Melee: Hand axe          |    44 |    55 |       ||    99
         Headbutt          |     1 |    14 |    24 ||    39
         Broad axe         |       |    68 |   134 ||   202
         Punch             |       |       |     1 ||     1
         Executioner's axe |       |       |     9 ||     9
 Invoke: Berserk           |     1 |     2 |     3 ||     6
    Use: Scroll            |       |       |    29 ||    29
 Armour: Animal skin       |     6 |       |       ||     6
         Leather armour    |     1 |    20 |       ||    21
         Chain mail        |       |     2 |    51 ||    53
         Ring mail         |       |     2 |       ||     2
         Plate armour      |       |       |     9 ||     9
  Dodge: Dodged            |    30 |    85 |    64 ||   179
  Block: Other             |       |    14 |    27 ||    41
         Reflection        |       |       |     1 ||     1
